 Dungeon Crawl Stone Soup version 0.19.4-9-g45fd643 (webtiles) character file.

22215 Gargoyl the Cleaver (level 12, -1/101 (102) HPs)
             Began as a Ghoul Abyssal Knight on Feb 18, 2017.
             Was a High Priest of Lugonu.
             Killed from afar by an ice statue (34 damage)
             ... with a shard of ice
             ... in an ice cave.
             The game lasted 00:32:11 (13109 turns).

Gargoyl the Cleaver (Ghoul Abyssal Knight)         Turns: 13109, Time: 00:32:11

HP:   -1/101 (102)  AC: 28    Str: 17    XL:     12   Next: 98%
MP:   18/18         EV:  0    Int:  7    God:    Lugonu [*****.]
Gold: 624           SH: 15    Dex: 12    Spells: 0 memorised, 11 levels left

rFire  . . .     SeeInvis .     n - +6 war axe (elec)
rCold  + . .     Gourm    .     d - +2 crystal plate armour
rNeg   + + +     Faith    .     s - +0 large shield
rPois  ∞         Spirit   .     (no helmet)
rElec  .         Reflect  .     (no cloak)
rCorr  .         Harm     .     j - +1 pair of gloves
MR     .....                    f - +2 pair of boots
Stlth  ..........               (no amulet)
                                (no ring)
                                (no ring)

@: rotting
A: rotting body, claws 1, carnivore 3, cold resistance 1, negative energy
resistance 3, slow regeneration 1, torment resistance, unbreathing
a: Depart the Abyss, Bend Space, Banish, Corrupt, Enter the Abyss, Renounce
Religion


You were in an ice cave.
You worshipped Lugonu.
Lugonu was extremely pleased with you.
You were not hungry.

You visited 2 branches of the dungeon, and saw 14 of its levels.
You visited the Abyss 1 time.
You also visited: Ice Cave.

You collected 821 gold pieces.
You spent 197 gold pieces at shops.

Inventory:

Hand Weapons
 n - a +6 war axe of electrocution (weapon)
 q - a +0 war axe
 u - a +2 spear of piercing
Missiles
 D - 7 tomahawks (quivered)
Armour
 d - a +2 crystal plate armour (worn)
 f - a +2 pair of boots (worn)
 j - a +1 pair of gloves (worn)
 s - a +0 large shield (worn)
Wands
 b - a wand of iceblast (11/15)
 w - a wand of polymorph (12/24)
 x - a wand of iceblast (5/15)
 y - a wand of paralysis (10/24)
 C - a wand of confusion (22/48)
 E - a wand of random effects (27/48)
 I - a wand of lightning (6/15)
Scrolls
 e - 6 scrolls of teleportation
 h - 5 scrolls of remove curse
 i - 2 scrolls of amnesia
 m - 11 scrolls of identify
 r - 3 scrolls of fog
 G - 4 scrolls of recharging
 H - a scroll of blinking
Potions
 k - a potion of brilliance
 l - 5 potions of curing
 p - a potion of heal wounds
 v - a potion of cancellation
 A - a potion of agility
 B - 3 potions of ambrosia
Books
 o - a book of Callings

   Spells                             Type                      Level
   a - Summon Small Mammal            Summoning                    1
   b - Call Imp                       Summoning                    2
   c - Call Canine Familiar           Summoning                    3
   d - Summon Guardian Golem          Hexes/Summoning              3
   e - Summon Lightning Spire         Summoning/Air                4
   f - Summon Ice Beast               Ice/Summoning                4
 F - a book of Debilitation

   Spells                             Type                      Level
   a - Corona                         Hexes                        1
   b - Slow                           Hexes                        2
   c - Gell's Gravitas                Hexes/Translocation          3
   d - Inner Flame                    Hexes/Fire                   3
   e - Cause Fear                     Hexes                        4
   f - Leda's Liquefaction            Hexes/Earth                  4
 J - a book of Air

   Spells                             Type                      Level
   a - Shock                          Conjuration/Air              1
   b - Swiftness                      Charms/Air                   2
   c - Repel Missiles                 Charms/Air                   2
   d - Static Discharge               Conjuration/Air              3
   e - Lightning Bolt                 Conjuration/Air              5
 K - a book of Dreams

   Spells                             Type                      Level
   a - Ensorcelled Hibernation        Hexes/Ice                    2
   b - Silence                        Hexes/Air                    5
   c - Darkness                       Hexes                        6
   d - Shadow Creatures               Summoning                    6
Comestibles
 a - 3 slices of pizza
 c - 5 meat rations
 g - 10 royal jellies
 t - 4 beef jerkies
 z - 4 chunks of flesh


   Skills:
 + Level 8.2 Fighting
 + Level 10.8 Axes
 + Level 0.6 Throwing
 * Level 10.0 Armour
 + Level 0.8 Dodging
 + Level 8.3 Shields
 * Level 10.0 Invocations
 + Level 0.8 Evocations


You had 11 spell levels left.
You didn't know any spells.

Dungeon Overview and Level Annotations

Branches:
Dungeon (10/15)            Temple (0/1) D:4            Lair (4/6) D:9
  Snake (0/4) Lair:4
  Swamp: Lair:2-4    Shoals: Lair:2-4       Orc: D:9-12

Altars:
Cheibriados
Dithmenos
Elyvilon
Gozag
Hepliaklqana
Kikubaaqudgha
Qazlal
Ru
Trog
Zin

Shops:
D:5 ?   D:6 !

Annotations:
Abyss:1 Gastronok IceCv exclusion: ice statue


Innate Abilities, Weirdness & Mutations

Your body is rotting away.
You thrive on raw meat.
You are immune to poison.
You have sharp fingernails.
You are carnivorous and can eat meat at any time.
Your flesh is cold resistant. (rC+)
You are immune to negative energy. (rN+++)
You regenerate slowly when monsters are visible.
You are immune to unholy pain and torment.
You can survive without breathing.


Message History

You closely miss the ice beast. You block the ice beast's attack.
Unknown command.
You hit the ice statue.
The ice statue is almost destroyed.
You hit the ice beast.
The ice statue gestures.
The ice beast hits you but does no damage.
Unknown command.
You hit the ice statue but do no damage.
The ice statue is almost destroyed.
You completely miss the ice beast.
The ice statue gestures.
The ice beast hits you but does no damage.
Unknown command.
You hit the ice statue but do no damage.
The ice statue is almost destroyed.
Your shield and crystal plate armour prevent you from hitting the ice beast. x2
The ice statue gestures at you. The shard of ice hits you!
You partially resist.
You die...

#######
##.....##
##...∩...##
##.........##
#...........#
#...........#
##...........##
#........Y....#
#.......@8....#
#......Y..Y...#
##....%.$....##
#...8.).8...#
##...?.)...##
###########


You could see an ice statue and 3 ice beasts.

Vanquished Creatures
  Erica (Lair:1)
  2 ugly things (IceCv)
  6 elephants (Lair:4)
  An ice statue (IceCv)
  3 black mambas
  2 spiny frogs
  A rime drake (Lair:4)
  5 komodo dragons
  A polar bear (Lair:2)
  A hornet (D:8)
  3 blink frogs
  3 hippogriffs
  A spriggan (Lair:2)
  5 wyverns
  2 basilisks
  Grum (D:8)
  16 yaks
  A hungry ghost (D:9)
  8 water moccasins
  5 nagas (Lair:4)
  6 porcupines
  2 orc warriors
  A black bear (Lair:2)
  3 sky beasts
  14 ice beasts
  A necrophage (D:7)
  7 ogres
  5 wolves
  3 centaurs
  8 crocodiles
  A big kobold (D:5)
  9 bullfrogs
  A gnoll sergeant (D:4)
  A water moccasin zombie (D:7)
  A scorpion (D:4)
  11 killer bees (D:8)
  7 wights (D:9)
  3 howler monkeys
  2 crimson imps (D:8)
  5 jellies
  6 orc priests
  A hound (D:4)
  An iguana (D:6)
  7 orc wizards
  8 worker ants
  A hound zombie (D:8)
  A worker ant zombie (D:5)
  Robin (D:2)
  8 gnolls
  17 adders
  A shadow imp (D:9)
  6 oozes
  An adder zombie (D:5)
  2 adder skeletons
  2 worms
  5 dart slugs
  5 leopard geckos
  21 orcs
  6 giant cockroaches
  9 hobgoblins
  3 jackals
  2 quokkas
  3 ball pythons
  8 bats
  4 frilled lizards
  16 goblins
  15 kobolds
  A quokka zombie (D:6)
  7 rats
  A fungus (Lair:3)
  4 plants
332 creatures vanquished.

Vanquished Creatures (others)
  The ghost of donomii the Basher, a journeyman DsBe of Lugonu (Lair:1)
  2 blink frogs (Lair:2)
  The ghost of grophax the Conjurer, an amateur TeCj (D:4)
  A crimson imp (D:5)
  4 fungi
  8 plants (Lair:3)
17 creatures vanquished.

Grand Total: 349 creatures vanquished

Notes
Turn   | Place    | Note
-------+----------+-------------------------------------------
     0 | Abyss:1  | Gargoyl the Ghoul Abyssal Knight began the quest for the Orb.
     0 | Abyss:1  | Reached XP level 1. HP: 19/19 MP: 1/1
    66 | Abyss:2  | Noticed a wretched star
    66 | D:1      | Escaped the Abyss
    91 | D:1      | Reached * piety under Lugonu
   222 | D:1      | Reached XP level 2. HP: 26/26 MP: 2/2
   692 | D:2      | Reached XP level 3. HP: 26/33 MP: 3/3
   727 | D:2      | Found a faded altar of an unknown god.
   727 | D:2      | Found a faded altar of an unknown god.
   732 | D:2      | Found a faded altar of an unknown god.
   734 | D:2      | Found a faded altar of an unknown god.
   735 | D:2      | Found an opulent altar of Gozag.
   925 | D:2      | Found a stormy altar of Qazlal.
   926 | D:2      | Noticed Robin
   941 | D:2      | Reached XP level 4. HP: 23/40 MP: 5/5
   945 | D:2      | Killed Robin
   945 | D:2      | Reached ** piety under Lugonu
  1335 | D:3      | Found a faded altar of an unknown god.
  1375 | D:3      | Reached XP level 5. HP: 25/46 MP: 6/6
  1548 | D:3      | Reached *** piety under Lugonu
  1629 | D:3      | Found a sacrificial altar of Ru.
  1671 | D:3      | Reached XP level 6. HP: 50/52 MP: 7/7
  1915 | D:3      | Found a glowing silver altar of Zin.
  2173 | D:4      | Found a bloodstained altar of Trog.
  2231 | D:4      | Reached XP level 7. HP: 48/60 MP: 8/8
  2261 | D:4      | Found a white marble altar of Elyvilon.
  2290 | D:4      | Noticed grophax's ghost (amateur TeCj)
  2304 | D:4      | Banished grophax's ghost
  2663 | D:4      | Found a staircase to the Ecumenical Temple.
  2789 | D:5      | Entered Level 5 of the Dungeon
  2925 | D:5      | Reached XP level 8. HP: 49/67 MP: 10/10
  3029 | D:5      | Found Gigoapto's Magic Scroll Emporium.
  3039 | D:5      | Bought a scroll of teleportation for 45 gold pieces
  3039 | D:5      | Bought a scroll of enchant armour for 112 gold pieces
  3357 | D:5      | Reached skill level 5 in Axes
  3357 | D:5      | Reached skill level 5 in Armour
  3357 | D:5      | Reached skill level 1 in Shields
  3357 | D:5      | Reached **** piety under Lugonu
  3445 | D:5      | Found an ancient bone altar of Kikubaaqudgha.
  3667 | D:5      | Found a hazy altar of Hepliaklqana.
  4213 | D:6      | Found a hazy altar of Hepliaklqana.
  4416 | D:6      | Reached skill level 5 in Fighting
  4504 | D:6      | Found Rean's Distillery.
  4509 | D:6      | Bought a potion of might for 40 gold pieces
  4757 | D:7      | Noticed a hippogriff
  4767 | D:7      | Killed a hippogriff
  4767 | D:7      | Reached skill level 5 in Invocations
  4875 | D:7      | Reached XP level 9. HP: 70/74 MP: 11/11
  5590 | D:7      | Found a snail-covered altar of Cheibriados.
  5748 | D:8      | Noticed Grum
  5767 | D:8      | Killed Grum
  6070 | D:8      | Noticed a hornet
  6100 | D:8      | Killed a hornet
  6451 | D:8      | Reached XP level 10. HP: 81/83 MP: 13/13
  7633 | D:9      | Got a dazzling whip
  7634 | D:9      | Identified the +6 whip "Zoann" {slash, rPois} (You found it on level 9 of the Dungeon)
  7644 | D:9      | Reached ***** piety under Lugonu
  7962 | D:9      | Found a staircase to the Lair.
  8053 | D:9      | Reached skill level 5 in Shields
  8412 | D:9      | Found a shadowy altar of Dithmenos.
  8994 | D:10     | Entered Level 10 of the Dungeon
  9060 | Lair:1   | Entered Level 1 of the Lair of Beasts
  9060 | Lair:1   | Noticed donomii's ghost (journeyman DsBe)
  9101 | D:9      | Reached XP level 11. HP: 25/89 MP: 15/15
  9209 | Lair:1   | Banished donomii's ghost
  9454 | Lair:1   | Noticed Gastronok
 10019 | Lair:2   | Banished Gastronok
 10314 | Lair:1   | Found a stormy altar of Qazlal.
 10450 | Lair:1   | Noticed Erica
 10465 | Lair:1   | Killed Erica
 11401 | Lair:2   | Reached XP level 12. HP: 100/100 MP: 17/17
 12617 | Lair:4   | Reached skill level 10 in Axes
 12710 | Lair:4   | Found a staircase to the Snake Pit.
 12968 | Lair:4   | Found a frozen archway.
 12984 | IceCv    | Entered an ice cave
 12995 | IceCv    | Reached skill level 10 in Armour
 13071 | IceCv    | Reached skill level 10 in Invocations
 13109 | IceCv    | Killed from afar by an ice statue

Skill      XL: |  1  2  3  4  5  6  7  8  9 10 11 12 |
---------------+-------------------------------------+-----
Axes           | 2 3 4 5 7 8 9 10 | 10.8
Armour         | 2 3 4 6 8 9 10 | 10.0
Fighting       | 4 5 6 7 8 |  8.2
Invocations    | 3 4 5 6 7 9 10 | 10.0
Shields        | 2 4 5 6 8 |  8.3
Throwing       | |  0.6
Dodging        | |  0.8
Evocations     | |  0.8

Action                   |  1- 3 |  4- 6 |  7- 9 | 10-12 || total
-------------------------+-------+-------+-------+-------++-------
Melee: Hand axe          |   155 |   212 |       |       ||   367
       War axe           |       |    56 |   465 |   978 ||  1499
Throw: Tomahawk          |       |       |       |     9 ||     9
Invok: Depart the Abyss  |     1 |       |       |       ||     1
       Bend Space        |       |     1 |       |       ||     1
       Banish            |       |       |     2 |     7 ||     9
Evoke: Wand              |       |     3 |     4 |       ||     7
  Use: Scroll            |     6 |     5 |     5 |    14 ||    30
       Potion            |       |       |     8 |     7 ||    15
 Stab: Paralysed         |       |     2 |       |       ||     2
  Eat: Chunk             |    11 |    40 |    51 |   119 ||   221
Armor: Crystal plate arm |   227 |   434 |   496 |   855 ||  2012
Dodge: Dodged            |     9 |    14 |    18 |    28 ||    69
Block: Shield            |       |       |    36 |       ||    36
       Large shield      |       |       |   293 |   909 ||  1202
